 Dungeon Crawl Stone Soup version 0.23-a0-445-g768d57b (webtiles) character file.

217 Dfrag the Firebug (level 5, -2/42 HPs)
             Began as a Naga Fire Elementalist on Nov 18, 2018.
             Slain by Grinder (8 damage)
             ... on level 3 of the Dungeon.
             The game lasted 00:03:24 (1756 turns).

Dfrag the Firebug (Naga Fire Elementalist)          Turns: 1756, Time: 00:03:24

Health: -2/42      AC:  4    Str: 15    XL:     5   Next: 94%
Magic:  3/10       EV: 10    Int: 16    God:
Gold:   78         SH:  0    Dex: 12    Spells: 3/11 levels left

rFire    . . .     SeeInvis +   g - +2 whip (venom)
rCold    . . .     Gourm    .   (no shield)
rNeg     . . .     Faith    .   a - +0 robe
rPois    +         Spirit   .   (no helmet)
rElec    .         Reflect  .   (no cloak)
rCorr    .         Harm     .   f - +1 pair of gloves
MR       .....                  (no barding)
Stlth    ++........             (no amulet)
HPRegen  0.14/turn              (no ring)
MPRegen  0.12/turn              (no ring)

@: mighty, very slightly contaminated, very slow
A: large, see invisible, deformed body, poison resistance, slowness 2, slow
metabolism 1, spit poison 1, AC +1
a: Spit Poison


You were on level 3 of the Dungeon.
You were not hungry.

You visited 1 branch of the dungeon, and saw 3 of its levels.

You collected 78 gold pieces.

Inventory:

Hand Weapons
 g - a +2 whip of venom (weapon)
Armour
 a - a +0 robe (worn)
 f - a +1 pair of gloves (worn)
 q - a +2 ring mail of cold resistance
Scrolls
 b - 4 scrolls of magic mapping {unknown}
 d - 4 scrolls of remove curse {unknown}
 e - 2 scrolls of blinking {unknown}
 j - 3 scrolls of identify {unknown}
 o - a scroll of immolation {unknown}
 p - a scroll of enchant armour {unknown}
Potions
 h - a potion of might
 i - 3 potions of flight {unknown}
 k - 2 potions of mutation {unknown}
 m - a potion of curing {unknown}
 n - a potion of haste {unknown}
 r - 2 potions of heal wounds {unknown}
 s - a potion of brilliance {unknown}
Comestibles
 c - 6 rations
 l - 2 chunks of flesh


   Skills:
 - Level 1.5 Dodging
 - Level 3.0 Stealth
 + Level 3.5 Spellcasting
 + Level 3.2 Conjurations
 + Level 4.4 Fire Magic


You had 3 spell levels left.
You knew the following spells:

 Your Spells              Type           Power        Failure   Level  Hunger
a - Flame Tongue          Conj/Fire      ###..        3%          1    None
b - Conjure Flame         Conj/Fire      ###.....     11%         3    ###....
c - Sticky Flame          Conj/Fire      ###.....     36%         4    ####...

Your spell library contained the following spells:

 Spells                   Type           Power        Failure   Level  Hunger
 Throw Flame              Conj/Fire      ###...       5%          2    ##.....
 Inner Flame              Hex/Fire       #.......     22%         3    ###....
 Fireball                 Conj/Fire      ###.......   71%         5    ######.


Dungeon Overview and Level Annotations

Branches:
Dungeon (3/15)

Altars:
Okawaru

Annotations:
D:3 Grinder


Innate Abilities, Weirdness & Mutations

You cannot wear boots.
Your serpentine skin is tough. (AC +1)
You have supernaturally acute eyesight. (SInv)
Armour fits poorly on your strangely shaped body.
Your system is resistant to poisons. (rPois)
You cover ground very slowly.
You have a slow metabolism.
You can spit poison.


Message History

Grinder burns!
Grinder stops burning.
Grinder blinks!
Grinder gestures at you. Pain shoots through your body!
Grinder blinks!
Grinder gestures at you. Pain shoots through your body!
You barely miss Grinder.
Grinder is severely wounded.
Grinder hits you!
* * * LOW HITPOINT WARNING * * *
You writhe in agony.
* * * LOW HITPOINT WARNING * * *
Casting: Sticky Flame (quite dangerous; 36% risk of failure)
Confirm with . or Enter, or press ? or * to list all spells.
Okay, then.
Unknown command.
It was a potion of might.
You feel very mighty all of a sudden. Grinder hits you!
You die...

### #.#########. #...........
### #5#########. #.. #@#
#.####.# #.#.# #....... #.#.#
######.♣ #.#.# #.. #.#.# #.♣
#.#.# ##.. #.#.# #..# #.#.#
##...
##########.#.############..##


You could see Grinder.

Vanquished Creatures
  A bullfrog (D:3)
  An orc wizard (D:3)
  Terence (D:2)
  5 adders
  2 worms (D:3)
  3 orcs (D:3)
  2 giant cockroaches
  2 goblins
  4 hobgoblins
  4 jackals (D:2)
  3 kobolds
  2 quokkas
  A ball python (D:3)
  8 bats
  7 rats
46 creatures vanquished.

Notes
Turn   | Place    | Note
-------+----------+-------------------------------------------
     0 | D:1      | Dfrag the Naga Fire Elementalist began the quest for the
                  | Orb.
     0 | D:1      | Reached XP level 1. HP: 15/15 MP: 3/3
   177 | D:1      | Reached XP level 2. HP: 21/22 MP: 3/5
   585 | D:2      | Reached XP level 3. HP: 26/28 MP: 3/6
  1067 | D:2      | Noticed Terence
  1071 | D:2      | Killed Terence
  1071 | D:2      | Reached XP level 4. HP: 36/36 MP: 5/8
  1420 | D:3      | Noticed a bullfrog
  1425 | D:3      | Killed a bullfrog
  1425 | D:3      | Reached skill level 4 in Fire Magic
  1425 | D:3      | Reached XP level 5. HP: 15/42 MP: 2/9
  1516 | D:3      | Learned a level 3 spell: Conjure Flame
  1521 | D:3      | Learned a level 4 spell: Sticky Flame
  1558 | D:3      | Found an iron altar of Okawaru.
  1741 | D:3      | Noticed Grinder
  1756 | D:3      | Slain by Grinder

Vault maps used:
D:1:      dpeg_arrival_castle
D:2:      uniq_terence
D:3:      first_ration, okawaru_trees_1, uniq_grinder

Skill      XL: |  1  2  3  4 |
---------------+-------------+-----
Conjurations   | 2 3 |  3.2
Spellcasting   | 3 |  3.5
Fire Magic     | 4 |  4.4
Dodging        | |  1.5
Stealth        | |  3.0

Action                   |  1- 3 |  4- 6 || total
-------------------------+-------+-------++-------
Melee: Whip              |    32 |    13 ||    45
 Cast: Flame Tongue      |    27 |    32 ||    59
       Sticky Flame      |       |     1 ||     1
 Abil: Spit Poison       |     9 |    13 ||    22
  Use: Potion            |       |     1 ||     1
  Eat: Chunk             |     1 |     3 ||     4
Armor: Robe              |    19 |     8 ||    27
Dodge: Dodged            |    36 |    15 ||    51

Table legend:
 A = Non-vault XP
 B = Vault XP
 C = Vault XP percentage of total XP
 D = Non-vault monster count
 E = Vault monster count
 F = Vault count percentage of total count
                 A         B        C        D         E       F
            +---------+---------+-------+---------+---------+-------
      Total |     274 |      36 |  11.6 |      45 |       1 |   2.2
            +---------+---------+-------+---------+---------+-------
        D:1 |      12 |       0 |   0.0 |       8 |       0 |   0.0
        D:2 |      66 |      36 |  35.3 |      19 |       1 |   5.0
        D:3 |     196 |       0 |   0.0 |      18 |       0 |   0.0
            +---------+---------+-------+---------+---------+-------
